 Dungeon Crawl Stone Soup version 0.26.1-11-gd32895ea62 (webtiles) character file.

Game seed: 10072082108771498991

180 Descartes the Skirmisher (level 5, -10/28 HPs)
             Began as a Vine Stalker Chaos Knight on May 25, 2021.
             Was a Plaything of Xom.
             Mangled by a salamander (shapeshifter) (13 damage)
             ... on level 2 of the Dungeon.
             The game lasted 00:04:01 (3552 turns).

Descartes the Skirmisher (VSCK)                     Turns: 3552, Time: 00:04:02

Health: -10/28     AC:  6    Str: 14    XL:     5   Next: 60%
Magic:  0/6        EV: 12    Int: 13    God:    Xom [...*..]
Gold:   226        SH:  0    Dex: 14    Spells: 5/5 levels left

rFire    . . .     SeeInvis .   a - +0 hand axe (chaos)
rCold    . . .     Faith    .   (no shield)
rNeg     . . .     Spirit   +   b - +3 leather armour
rPois    .         Reflect  .   (no helmet)
rElec    .         Harm     .   (no cloak)
rCorr    .         Rampage  .   (no gloves)
Will     +....     Rnd*Tele +   (no boots)
Stlth    +.........             (no amulet)
HPRegen  0.49/turn              d - ring of willpower
MPRegen  0.10/turn              l - ring of teleportation (curse)

@: no status effects
A: fangs 2, regeneration 1, magic shield, antimagic bite, no potion heal 3
a: Renounce Religion


You were on level 2 of the Dungeon.
You worshipped Xom.
You were a favourite toy of Xom.
You visited 1 branch of the dungeon, and saw 4 of its levels.

You collected 226 gold pieces.

Inventory:

Hand Weapons
 a - a +0 hand axe of chaos (weapon)
Missiles
 e - 223 stones (quivered)
 f - 14 bolts
 i - 59 sling bullets
 k - 147 arrows
 t - 6 atropa-tipped darts
Armour
 b - a +3 leather armour (worn)
Jewellery
 d - a ring of willpower (left hand)
 g - an uncursed ring of protection from fire
 l - a cursed ring of teleportation (right hand)
Scrolls
 c - 4 scrolls of remove curse {unknown}
 q - a scroll of identify
 r - a scroll of blinking {unknown}
 s - 2 scrolls of fear {unknown}
 u - 2 scrolls of teleportation {unknown}
 w - a scroll of random uselessness {unknown}
Potions
 h - a potion of mutation {unknown}
 j - a potion of degeneration
 m - 3 potions of lignification
 n - 2 potions of brilliance
 o - 3 potions of curing {unknown}
 p - a potion of haste
 v - a potion of might {unknown}


   Skills:
 + Level 3.6 Fighting
 + Level 3.5 Axes
 + Level 2.6 Armour
 + Level 2.0 Dodging
 + Level 0.5 Spellcasting


You had 5 spell levels left.
You didn't know any spells.
Your spell library was empty.

Dungeon Overview and Level Annotations

Branches:
Dungeon (4/15)
 Temple: D:4-7

Altars:
Fedhas
Hepliaklqana
Makhleb
Sif Muna
Trog


Innate Abilities, Weirdness & Mutations

You have extremely sharp teeth.
Your natural rate of healing is unusually fast.
When hurt, damage is shared between your health and your magic reserves.
Your bite disrupts and absorbs the magic of your enemies.
Potions cannot restore your health.


Message History

Lightning courses through the guardian serpent!
The guardian serpent is heavily wounded.
The guardian serpent misses you. The guardian serpent hits you!
* * * LOW HITPOINT WARNING * * *
You miss the guardian serpent. Your bite misses the guardian serpent.
The guardian serpent is heavily wounded.
The guardian serpent closely misses you.
The guardian serpent barely misses you.
You closely miss the guardian serpent.
You bite the guardian serpent, but do no damage.
The guardian serpent is heavily wounded.
The guardian serpent changes into a salamander!
You hit the salamander.
The salamander seems to grow stronger.
You bite the salamander, but do no damage.
The salamander is heavily wounded.
Xom makes a sudden noise!
You hear someone snoring.
You hear a shout!
You hear an angry hiss.
The salamander hits you.
You are engulfed in flames!
You die...
Xom roars with laughter!

....#.#.....+............###..#..
......#.....#.....#####...##.....
.................................
+##.####...#####..#.#.#.#.##.....
#.# #.......#................^
#†# #....##.##.#.##..#..##....
#.........#.....#.....##.##..##
#.........#.(...#.##.###.##..#
#.......#.#..N@.b..#.# #..#..##
#.......#.#.......†..# ##......
........#.###....#.######....#.
...)....#.# #..b.#...........#.
#.......######...#.
#..#...............
...##..#.#####...### .#.
......####...# .............>#


You could see a salamander shaped shifter (strong).

Vanquished Creatures
  A hound (D:4)
  An orc wizard (D:4)
  An adder (D:2)
  5 oozes
  A worm (D:4)
  2 dart slugs (D:1)
  2 leopard geckos
  5 orcs (D:4)
  4 bats
  4 giant cockroaches
  14 goblins
  5 hobgoblins
  7 jackals
  6 kobolds
  3 quokkas
  A ball python (D:2)
  6 frilled lizards
  6 rats
74 creatures vanquished.

Notes
Turn   | Place    | Note
-------+----------+-------------------------------------------
     0 | D:1      | Descartes the Vine Stalker Chaos Knight began the quest for
                  | the Orb.
     0 | D:1      | Reached XP level 1. HP: 11/11 MP: 2/2
    22 | D:1      | Reached skill level 1 in Dodging
    51 | D:1      | XOM: silly message
    57 | D:1      | Reached XP level 2. HP: 14/16 MP: 3/3
   105 | D:1      | XOM: butterfly on damage
   506 | D:1      | Reached XP level 3. HP: 20/20 MP: 4/4
   965 | D:1      | XOM: cloud trail
  1305 | D:2      | Gained mutation: Your natural rate of healing is unusually
                  | fast. [Vine Stalker growth]
  1305 | D:2      | Reached XP level 4. HP: 12/24 MP: 2/5
  1486 | D:2      | XOM: cloud trail
  1508 | D:2      | You fall into a shaft and drop 2 floors!
  1883 | D:4      | Found a blossoming altar of Fedhas.
  2112 | D:4      | XOM: butterfly on damage
  2195 | D:4      | Found a bloodstained altar of Trog.
  2286 | D:4      | Found a burning altar of Makhleb.
  2291 | D:4      | Reached XP level 5. HP: 24/28 MP: 4/6
  2556 | D:3      | Found a shimmering blue altar of Sif Muna.
  3351 | D:3      | Found a hazy altar of Hepliaklqana.
  3544 | D:2      | Noticed a shapeshifter
  3544 | D:2      | a worm changed into a shapeshifter
  3544 | D:2      | Noticed a guardian serpent
  3544 | D:2      | a shapeshifter changed into a guardian serpent
  3547 | D:2      | XOM: butterfly on damage
  3551 | D:2      | Noticed a salamander
  3551 | D:2      | a guardian serpent changed into a salamander
  3552 | D:2      | XOM: noise
  3552 | D:2      | Mangled by a salamander (shapeshifter)

Illustrated notes

Levels and vault maps discovered:
D:1:      lightli_arrival_lavapool, layout_basic
D:2:      layout_basic, fiery_altar_vehumet, nicolae_overflow_hidden_temple
D:3:      kennysheep_goblin_castle, layout_loops_cross,
          nzn_hepliaklqana_mist_gate, lemuel_crystal_altar,
          minmay_misc_feat_secret_circle, roderic_lattice_a
D:4:      layout_basic, nicolae_overflow_crystal_walls,
          makhleb_heckhound_becter, general_overflow_altar

Skill      XL: |  1  2  3  4 |
---------------+-------------+-----
Dodging        | 1 2 |  2.0
Fighting       | 3 |  3.6
Axes           | 3 |  3.5
Armour         | 2 |  2.6
Spellcasting   | |  0.5

Action                   |  1- 3 |  4- 6 || total
-------------------------+-------+-------++-------
Melee: Hand axe          |    74 |   128 ||   202
       Bite              |    12 |    27 ||    39
  Use: Scroll            |       |     6 ||     6
 Stab: Paralysed         |       |     1 ||     1
       Distracted        |       |     1 ||     1
Armor: Leather armour    |    18 |    45 ||    63
Dodge: Dodged            |    45 |    89 ||   134
